 Dungeon Crawl Stone Soup version 0.31.0-9-g3a7656b989 (webtiles) character file.

Game seed: 1500416733317251209

774 qw the Skirmisher (level 7, 0/40 HPs)
             Began as a Deep Elf Hunter on Feb 2, 2024.
             Was an Initiate of Okawaru.
             Slain by a wight
             ... wielding a +0 great sword
              (13 damage)
             ... on level 5 of the Dungeon.
             The game lasted 00:00:23 (3688 turns).

qw the Skirmisher (Deep Elf Hunter)                 Turns: 3688, Time: 00:00:24

Health: 0/40       AC:  9    Str: 10    XL:     7   Next: 53%
Magic:  9/9        EV: 11    Int: 14    God:    Okawaru [......]
Gold:   269        SH:  0    Dex: 18    Spells: 6/6 levels left

rFire   + . .        a - +1 shortbow
rCold   . . .        (shield currently unavailable)
rNeg    . . .        p - +0 ring mail
rPois   .            g - +0 helmet
rElec   .            (no cloak)
rCorr   .            l - +1 pair of gloves
SInv    .            h - +0 pair of boots
Will    .....        k - amulet of regeneration
Stlth   +            n - ring of protection from fire
HPRegen 1.06/turn    (no ring)
MPRegen 0.11/turn

%: no passive effects
@: weakened, hasted, very quick
A: no striking features
a: Renounce Religion


You were on level 5 of the Dungeon.
You worshipped Okawaru.
Okawaru was noncommittal.
You visited 1 branch of the dungeon, and saw 6 of its levels.

You collected 269 gold pieces.


   Skills:
 - Level 2.0 Fighting
 + Level 11.6 Ranged Weapons
 - Level 1.0 Armour
 - Level 3.0 Dodging
 - Level 1.2 Stealth


You had 6 spell levels left.
You didn't know any spells.
Your spell library was empty.

Inventory:

Hand Weapons
 a - a +1 shortbow (weapon)
Armour
 g - a +0 helmet (worn)
 h - a +0 pair of boots (worn)
 l - a +1 pair of gloves (worn)
 p - a +0 ring mail (worn)
Jewellery
 k - an amulet of regeneration (around neck)
 n - a ring of protection from fire (left hand)
Wands
 c - a wand of flame (31)
 m - a wand of polymorph (2)
Scrolls
 i - 2 scrolls of teleportation
Potions
 b - a potion of mutation
 d - 2 potions of curing
 e - a potion of haste
 f - a potion of enlightenment
 j - a potion of heal wounds
 o - a potion of might

Dungeon Overview and Level Annotations

Branches:
Dungeon (6/15)
 Temple: D:4-7

Altars:
Cheibriados
Hepliaklqana
Nemelex Xobeh
Okawaru
Vehumet
Yredelemnul
Zin

Annotations:
D:3 2 transporters, qw's ghost, amateur DjHu


Message History

The adder bites you but does no damage.
You shoot an arrow. The arrow barely misses the wight.
The adder barely misses you. The wight hits you with a +3 falchion.
You feel drained.
The orc hits you with a +2 dagger of holy wrath.
You shoot an arrow. The arrow hits the wight.
The wight is heavily damaged.
The adder bites you but does no damage. The wight hits you but does no damage.
The gnoll bouda gazes fiercely through you!
You feel your attacks grow feeble. The orc closely misses you.
A dart slug comes into view.
You shoot an arrow. The arrow hits the wight.
The wight is severely damaged.
The adder barely misses you. The wight completely misses you.
The orc barely misses you.
You shoot an arrow. The arrow closely misses the wight.
The adder bites you but does no damage.
You shoot an arrow. The arrow hits the wight.
The wight is severely damaged.
The wight completely misses you. The orc hits you but does no damage.
The adder bites you but does no damage.
You shoot an arrow. The arrow closely misses the wight.
The adder closely misses you. The wight hits you with a +3 falchion!
You shoot an arrow. The arrow hits the wight.
The wight is almost destroyed.
The adder bites you but does no damage.
You shoot an arrow.
The arrow hits the wight but does no damage.
The wight is almost destroyed.
The wight barely misses you.
You shoot an arrow. The arrow hits the wight!
You destroy the wight!
Okawaru accepts your kill. The adder closely misses you.
Your life force feels restored.
You shoot an arrow. The arrow hits the wight!
The wight is heavily damaged.
The wight hits you with a +0 great sword!
You die...

#######.#......#####..##
#.>.....#).#............
#..........#.######.#.#.
#######....#.# #.#.#.
~~¤~¤ ######.# #.#.#.
w.¤w.¤ #.### ##.#.#.
#~¤¤######...# #....#.
#gzS).##!..(# #..###[
#zoz@.##..#####..# .
#..¤#.............#
..... #####..#####.##
~~¤~ #..####.#.# ###
#....>.###.. #.#####.#
### ..# #.# #.# .# #.. #


You could see a gnoll bouda, 3 wights, an adder, a dart slug and an orc.

Vanquished Creatures
  Sigmund (D:2)
  A phantom (D:5)
  A wight (D:5)
  A bombardier beetle (D:4)
  3 hounds
  A jelly (D:4)
  3 iguanas
  An orc priest (D:6)
  An orc wizard (D:5)
  Natasha (twice) (D:2)
  4 adders
  3 ribbon worms
  6 dart slugs
  13 orcs
  6 endoplasms
  7 giant cockroaches
  11 goblins
  4 hobgoblins
  6 jackals
  5 kobolds
  4 quokkas
  3 ball pythons
  5 bats
  2 frilled lizards (D:2)
  7 rats
101 creatures vanquished.

Notes
Turn   | Place    | Note
-------+----------+-------------------------------------------
     0 | D:1      | qw the Deep Elf Hunter began the quest for the Orb.
     0 | D:1      | Reached XP level 1. HP: 12/12 MP: 3/3
     0 | D:1      | 0 ||| qw: Version: 0.3-a-155-g5e7d8dd
     0 | D:1      | 0 ||| qw: Game counter: 2153
     0 | D:1      | 0 ||| qw: Melee chars always use a shield: true
     0 | D:1      | 0 ||| qw: God list: Okawaru
     0 | D:1      | 0 ||| qw: Allow faded altars: false
     0 | D:1      | 0 ||| qw: Do Orc after clearing Dungeon:15 true
     0 | D:1      | 0 ||| qw: Do second Lair branch before Depths: true
     0 | D:1      | 0 ||| qw: Lair rune preference: random
     0 | D:1      | 0 ||| qw: Goals: Normal
     0 | D:1      | 0 ||| PLANNING D:1-11
   150 | D:1      | Reached skill level 6 in Ranged Weapons
   150 | D:1      | Reached XP level 2. HP: 16/16 MP: 4/4
   558 | D:1      | Reached XP level 3. HP: 20/20 MP: 5/5
   678 | D:1      | 678 ||| UPGRADING to +0 pair of gloves.
   683 | D:1      | 683 ||| UPGRADING to amulet of regeneration.
   688 | D:1      | 688 ||| READING scroll labelled SADUSO HOCH.
   691 | D:1      | 691 ||| READING scroll labelled HORCHE SOPP.
   691 | D:1      | 691 ||| ENCHANTING +0 pair of gloves.
   692 | D:1      | 692 ||| READING 2 scrolls labelled CEQUR NOSEESO.
   693 | D:1      | 693 ||| READING scroll labelled BIS FETI DOCW.
   694 | D:1      | 694 ||| DRINKING 2 murky white potions.
   695 | D:1      | 695 ||| DROPPING scroll of butterflies.
   696 | D:1      | 696 ||| DROPPING scroll of fog.
   815 | D:2      | Found a faded altar of an unknown god.
   816 | D:2      | Noticed Natasha
   821 | D:2      | Killed Natasha
   822 | D:2      | Reached skill level 7 in Ranged Weapons
   827 | D:2      | Identified the +1 leather armour of the Elephant {^Drain
                  | Str+4}
   970 | D:2      | Reached XP level 4. HP: 25/25 MP: 6/6
  1069 | D:2      | Noticed Sigmund
  1070 | D:2      | Noticed Natasha
  1074 | D:2      | Killed Sigmund
  1075 | D:2      | Reached skill level 9 in Ranged Weapons
  1075 | D:2      | Reached XP level 5. HP: 29/29 MP: 7/7
  1083 | D:2      | Killed Natasha
  1084 | D:2      | Reached skill level 3 in Dodging
  1570 | D:2      | 1570 ||| UPGRADING to +1 leather armour of the Elephant
                  | {^Drain Str+4}.
  1580 | D:2      | 1580 ||| DROPPING +0 leather armour.
  1581 | D:2      | 1581 ||| UPGRADING to +0 ring mail.
  1591 | D:2      | 1591 ||| DROPPING +1 leather armour of the Elephant {^Drain
                  | Str+4}.
  1592 | D:2      | 1592 ||| UPGRADING to ring of protection from fire.
  1593 | D:2      | 1593 ||| READING scroll labelled EJIAD TEDUTECU.
  1694 | D:2      | 1694 ||| READING scroll labelled NAGAVV ZYTI.
  1694 | D:2      | 1694 ||| ENCHANTING +0 shortbow.
  1695 | D:2      | 1695 ||| READING scroll labelled RAUCEO TOTOHE.
  1695 | D:2      | 1695 ||| IDENTIFYING lumpy brown potion
  1727 | D:3      | Found a transporter.
  1735 | D:3      | Found a transporter.
  1736 | D:3      | Noticed qw's ghost (amateur DjHu)
  1736 | D:3      | You fall into a shaft and drop 3 floors!
  1759 | D:6      | Reached XP level 6. HP: 28/29 MP: 8/8
  1770 | D:5      | Entered Level 5 of the Dungeon
  1847 | D:5      | Reached skill level 10 in Ranged Weapons
  1848 | D:5      | 1848 ||| READING scroll of identify.
  1848 | D:5      | 1848 ||| IDENTIFYING glowing cyan potion
  1925 | D:4      | Found a glowing silver altar of Zin.
  1935 | D:4      | Reached skill level 1 in Armour
  1944 | D:4      | HP: 7/35 [iguana (5)]
  2005 | D:4      | Found a hazy altar of Hepliaklqana.
  2199 | D:4      | Reached XP level 7. HP: 39/40 MP: 9/9
  2278 | D:4      | 2278 ||| READING scroll labelled ZUPSUCORIO.
  2280 | D:4      | 2280 ||| Stepping ~*~*~tactically~*~*~ (cloud).
  2391 | D:3      | Found a radiant altar of Vehumet.
  2530 | D:3      | Found a basalt altar of Yredelemnul.
  2534 | D:3      | Found a sparkling altar of Nemelex Xobeh.
  2740 | D:3      | Found an iron altar of Okawaru.
  2741 | D:3      | 2741 ||| PLANNING OKAWARU WORSHIP
  2741 | D:3      | 2741 ||| UPGRADING to +0 pair of boots.
  2746 | D:3      | 2746 ||| READING 2 scrolls of identify.
  2746 | D:3      | 2746 ||| IDENTIFYING blue potion
  2747 | D:3      | 2747 ||| READING scroll of identify.
  2747 | D:3      | 2747 ||| IDENTIFYING lumpy green potion
  2748 | D:3      | 2748 ||| READING scroll labelled FAASHR GEKKOCE.
  2749 | D:3      | 2749 ||| DRINKING 2 black potions.
  2750 | D:3      | 2750 ||| DROPPING potion of attraction.
  2755 | D:3      | Became a worshipper of Warmaster Okawaru
  2756 | D:3      | 2756 ||| PLANNING D:1-11
  2803 | D:3      | Found a snail-covered altar of Cheibriados.
  3045 | D:4      | 3045 ||| UPGRADING to +0 helmet.
  3085 | D:4      | Reached skill level 11 in Ranged Weapons
  3385 | D:4      | 3385 ||| DRINKING 2 fizzy blue potions.
  3674 | D:5      | 3674 ||| DRINKING 2 potions of haste.
  3688 | D:5      | Slain by a wight

Levels and vault maps discovered:
D:1:      zelgadis_glass_arrival_small, layout_loops_ring,
          minmay_misc_feat_more_columns
D:2:      layout_basic, shapermc_ecumenical_altar_venn, uniq_sigmund,
          uniq_natasha
D:3:      layout_basic, vehumet_altar_wand_db, slow_altar_2,
          hellmonk_okawaru_the_only_friend_you_need,
          gammafunk_temple_overflow_statue, gammafunk_ghost_arena,
          minmay_diced_spiral
D:4:      minmay_inner_zag, layout_basic, amcnicky_altar_gilded,
          mainiacjoe_overflow_six_doors_small, kennysheep_opposing_triangles
D:5:      layout_loops_ring, serial_library_hellmonk_hallway_a,
          kennysheep_generic_room_7
D:6:      layout_loops_cross, serial_shops, nicolae_shop_bloodbath_and_beyond

Skill      XL: |  1  2  3  4  5  6  7 |
---------------+----------------------+-----
Ranged Weapons | 6 7 9 10 11 | 11.6
Dodging        | 3 |  3.0
Fighting       | 2 |  2.0
Armour         | 1 |  1.0
Stealth        | |  1.2

Action                     |  1- 3 |  4- 6 |  7- 9 || total
---------------------------+-------+-------+-------++-------
   Fire: Shortbow          |    88 |   104 |   157 ||   349
    Use: Scroll            |     4 |     4 |     4 ||    12
         Potion            |     1 |       |     3 ||     4
 Armour: Leather armour    |     6 |     2 |       ||     8
         Ring mail         |       |    27 |    61 ||    88
  Dodge: Dodged            |    10 |    29 |    43 ||    82

Table legend:
 A = Non-vault XP
 B = Vault XP
 C = Vault XP percentage of total XP
 D = Non-vault monster count
 E = Vault monster count
 F = Vault count percentage of total count
                 A         B        C        D         E       F
            +---------+---------+-------+---------+---------+-------
      Total |     718 |     389 |  35.1 |      84 |      17 |  16.8
            +---------+---------+-------+---------+---------+-------
        D:1 |      42 |       0 |   0.0 |      23 |       0 |   0.0
        D:2 |      69 |     264 |  79.3 |      17 |       2 |  10.5
        D:3 |      43 |      29 |  40.3 |      20 |       7 |  25.9
        D:4 |     217 |      96 |  30.7 |      12 |       8 |  40.0
        D:5 |     303 |       0 |   0.0 |       9 |       0 |   0.0
        D:6 |      44 |       0 |   0.0 |       3 |       0 |   0.0
            +---------+---------+-------+---------+---------+-------
